Map: [ESL] Gresvan

Players

HeroMarine

  • Race: Terran Terran
  • Spawn Location: 11:00

goblin - Winner!

  • Race: Protoss Protoss
  • Spawn Location: 5:00

Event: ESL SC2 Masters 2023 Summer (Regionals)

VOD

Have the link to the VOD?

Description

Time

  • Played on: May 7, 2023, 10:46 a.m.
  • Length: 14:40

All games in this series

Show
View Real Time Build Order
Export as new Build Order

HeroMarine Terran 

Build Orders:  

Get SALT Encoding   

  12  0:00  SCV  
  13  0:12  SCV  
  14  0:17  Supply Depot  
  14  0:24  SCV  
  15  0:39  SCV  
  15  0:40  Barracks  
  16  0:45  Refinery  
  16  0:51  SCV  
  16  0:56  Refinery  
  17  1:03  SCV  
  18  1:15  SCV  
  19  1:27  Orbital Command, Reaper  
  20  1:48  Factory  
  20  1:50  Supply Depot  
  20  1:54  SCV  
  20  1:59  Reaper  
  20  2:00  Bunker  
  22  2:06  SCV  
  23  2:18  SCV  
  24  2:30  SCV  
  25  2:40  Factory Tech Lab  
  25  2:42  SCV  
  26  2:48  Command Center  
  25  2:54  SCV  
  26  3:00  Cyclone  
  29  3:06  Supply Depot  
  29  3:07  SCV, Starport  
  30  3:19  SCV  
  31  3:31  SCV  
  35  3:34  Barracks Reactor  
  35  3:39  Barracks  
  35  3:43  SCV  
  35  3:45  Starport Tech Lab  
  36  3:48  Barracks  
  36  3:55  SCV  
  37  4:01  Cyclone  
  38  4:05  Raven  
  38  4:07  SCV  
  39  4:11  Marine x2, Engineering Bay  
  41  4:19  SCV  
  42  4:24  Orbital Command  
  42  4:29  Marine x2  
  44  4:31  SCV  
  44  4:36  Supply Depot  
  44  4:37  Terran Infantry Weapons Level 1  
  45  4:41  Stimpack  
  45  4:43  SCV  
  45  4:44  Marine  
  47  4:47  Marine  
  43  4:53  SCV  
  43  4:55  Marine x2, SCV  
  45  5:03  Combat Shield  
  45  5:05  SCV  
  47  5:08  SCV  
  47  5:11  Marine  
  48  5:14  Marauder x2  
  48  5:15  Starport Reactor, Factory Reactor  
  48  5:17  SCV  
  48  5:19  Refinery  
  48  5:20  SCV  
  51  5:29  SCV  
  51  5:31  Marine  
  51  5:32  Marine, SCV  
  51  5:35  Marine x2  
  55  5:36  Missile Turret, Supply Depot  
  55  5:41  SCV, Missile Turret  
  56  5:44  SCV  
  56  5:49  Marine  
  56  5:50  Marine  
  56  5:53  SCV  
  56  5:56  SCV  
  59  5:59  Medivac x2  
  59  6:01  Marauder  
  59  6:03  Marauder  
  67  6:05  SCV  
  67  6:06  Widow Mine  
  70  6:12  Missile Turret  
  70  6:14  Supply Depot  
  70  6:15  SCV, Marine  
  70  6:17  Marine, SCV  
  74  6:19  Widow Mine  
  74  6:21  Marine  
  74  6:24  Marine  
  78  6:35  Marine, Supply Depot  
  78  6:36  Marine, Supply Depot, SCV x2  
  81  6:43  Widow Mine x2  
  85  6:48  SCV x2  
  86  6:56  Medivac x2  
  94  7:03  SCV  
  94  7:04  SCV, Command Center  
  91  7:15  Refinery  
  95  7:18  Marine x2  
  95  7:21  SCV x2  
  99  7:29  Supply Depot  
  99  7:30  Supply Depot  
  99  7:33  SCV x2  
  97  7:38  Marauder x2  
  97  7:39  Barracks  
  97  7:40  Barracks  
  97  7:42  Supply Depot  
  97  7:45  SCV, Viking  
  97  7:47  Ghost Academy  
  97  7:48  Viking  
  97  7:51  SCV  
  103  7:53  Terran Infantry Armor Level 1  
  103  7:57  SCV  
  104  8:03  SCV, Marauder x2  
  104  8:04  Marine  
  108  8:05  Marine  
  108  8:09  SCV  
  110  8:15  SCV  
  109  8:21  SCV  
  109  8:22  Marine  
  109  8:23  Marine  
  109  8:25  Marauder x2  
  114  8:27  SCV  
  114  8:31  Viking  
  114  8:32  Viking  
  120  8:34  Barracks Tech Lab  
  120  8:39  SCV  
  120  8:40  Marine  
  120  8:41  Marine  
  121  8:48  Ghost x2  
  125  8:52  Ghost  
  125  8:53  Marine  
  125  8:54  Marine  
  130  8:57  Orbital Command  
  130  8:58  Missile Turret  
  130  8:59  SCV  
  132  9:03  Medivac x2  
  132  9:09  Supply Depot  
  135  9:10  Supply Depot  
  137  9:17  Marauder x2, SCV  
  137  9:18  SCV, Supply Depot  
  141  9:27  Starport  
  141  9:28  Factory Reactor  
  141  9:30  Marauder  
  141  9:33  Viking  
  141  9:37  Bunker  
  143  9:38  Marauder  
  143  9:40  Viking  
  143  9:43  Concussive Shells  
  143  9:44  Missile Turret  
  143  9:45  Marauder  
  147  9:50  Marine  
  147  9:51  Marauder  
  150  9:53  Marine x2  
  150  9:59  Supply Depot  
  154  10:00  Marauder, Supply Depot  
  154  10:04  SCV x2  
  156  10:08  Marauder, Armory  
  156  10:13  Marine x2  
  162  10:16  Viking  
  162  10:18  Viking  
  162  10:21  Medivac  
  166  10:24  Refinery  
  166  10:25  Viking  
  166  10:26  Refinery  
  166  10:28  Marauder  
  168  10:32  Marauder  
  168  10:34  Marauder  
  168  10:35  Marine x2  
  172  10:36  Marine  
  172  10:37  Marine  
  176  10:45  Supply Depot  
  176  10:49  Marine  
  177  10:50  Viking x2  
  181  10:58  Supply Depot  
  181  11:03  Ghost  
  159  11:12  Marauder, Marine x2  
  159  11:15  Viking x2  
  159  11:18  Marauder  
  167  11:25  Marine x2  
  142  11:29  Viking  
  142  11:30  Marine x2  
  123  11:33  Marauder x2  
  123  11:34  Terran Infantry Weapons Level 2  
  123  11:37  Viking  
  127  11:40  Ghost  
  129  11:48  Viking  
  129  11:53  Ghost  
  129  11:54  Viking  
  133  11:56  Marauder  
  137  12:04  Viking  
  137  12:07  Viking  
  141  12:09  Marauder  
  141  12:11  Command Center  
  141  12:15  Marine x4  
  146  12:18  Marauder  
  146  12:22  Marine, Viking  
  151  12:23  Viking  
  154  12:30  Marauder  
  154  12:32  Marine, Sensor Tower  
  154  12:33  Marine  
  154  12:34  Viking  
  160  12:39  Marauder  
  160  12:41  Marauder, Medivac  
  165  12:47  Marine  
  165  12:48  Marine  
  165  12:50  Marine  
  168  12:52  Marauder  
  168  12:53  Marine  
  171  13:00  Marauder  
  171  13:02  Marauder  
  171  13:04  Barracks  
  171  13:05  Barracks, Marine  
  172  13:13  Marauder  
  172  13:16  Marine  
  172  13:17  Marine  
  164  13:20  Marine  
  164  13:22  Marauder, Medivac x2  
  164  13:23  Marine, Marauder  
  164  13:26  Medivac  
  117  13:34  Marauder  
  117  13:39  Marine x2  
  117  13:40  Marine  
  117  13:41  Marine  
  106  13:43  Marauder  
  106  13:45  Marauder  
  89  13:56  Marauder  
  89  13:59  Marine  
  80  14:05  Viking  
  80  14:07  Viking  
Show
View Real Time Build Order
Export as new Build Order

goblin Protoss - Winner!

Build Orders: 1 Gate Expand, Phoenix Opening 

Get SALT Encoding   

  12  0:00  Probe  
  13  0:12  Probe  
  14  0:17  Pylon  
  14  0:24  Probe (Chrono Boost)  
  15  0:36  Probe (Chrono Boost)  
  15  0:37  Gateway  
  16  0:44  Probe (Chrono Boost)  
  16  0:45  Assimilator  
  17  0:50  Probe  
  18  1:03  Probe  
  19  1:19  Probe  
  19  1:25  Cybernetics Core  
  20  1:32  Nexus  
  20  1:35  Probe  
  21  1:43  Pylon  
  21  1:49  Probe  
  21  1:51  Assimilator  
  22  1:59  Stalker (Chrono Boost)  
  22  2:07  Shield Battery  
  24  2:09  Probe  
  24  2:24  Stalker (Chrono Boost)  
  24  2:25  Probe  
  27  2:42  Probe, Stargate  
  28  2:48  Probe  
  28  2:51  Stalker (Chrono Boost)  
  31  2:54  Probe  
  32  3:00  Probe  
  33  3:06  Probe  
  33  3:07  Warp Gate  
  33  3:12  Probe  
  35  3:15  Shield Battery  
  35  3:21  Probe  
  35  3:25  Phoenix (Chrono Boost), Probe  
  39  3:33  Probe  
  39  3:36  Pylon  
  39  3:37  Probe  
  40  3:44  Phoenix (Chrono Boost)  
  40  3:45  Probe  
  40  3:48  Probe, Adept  
  46  3:57  Probe x2, Pylon  
  48  4:05  Phoenix (Chrono Boost)  
  48  4:06  Probe  
  51  4:16  Probe  
  52  4:18  Robotics Facility  
  52  4:21  Probe  
  52  4:23  Assimilator  
  53  4:25  Assimilator  
  53  4:28  Probe  
  54  4:32  Phoenix  
  54  4:33  Probe  
  54  4:37  Pylon  
  57  4:40  Probe  
  58  4:45  Probe  
  58  4:52  Probe  
  60  4:56  Phoenix (Chrono Boost)  
  60  5:00  Stalker  
  60  5:04  Probe  
  63  5:12  Phoenix (Chrono Boost)  
  63  5:15  Nexus, Probe  
  63  5:17  Probe, Pylon  
  65  5:29  Probe  
  65  5:32  Probe  
  67  5:37  Observer (Chrono Boost)  
  67  5:40  Robotics Bay  
  67  5:41  Probe  
  69  5:44  Probe  
  69  5:46  Phoenix  
  72  5:53  Probe  
  72  5:54  Immortal (Chrono Boost)  
  72  5:56  Probe  
  78  6:03  Pylon  
  78  6:04  Shield Battery  
  78  6:06  Pylon  
  78  6:07  Gateway  
  78  6:18  Gateway  
  78  6:21  Phoenix, Probe x2  
  78  6:22  Gateway  
  78  6:23  Sentry  
  78  6:25  Colossus (Chrono Boost)  
  84  6:30  Probe  
  84  6:32  Assimilator  
  91  6:33  Probe  
  91  6:36  Probe  
  93  6:42  Probe  
  93  6:46  Shield Battery x2  
  94  6:47  Pylon  
  94  6:51  Probe x2  
  96  6:57  Zealot  
  96  6:58  Phoenix  
  100  7:06  Adept  
  100  7:07  Colossus (Chrono Boost)  
  107  7:09  Extended Thermal Lance  
  107  7:10  Probe x2  
  107  7:12  Assimilator  
  109  7:20  Stalker x2  
  109  7:21  Adept  
  115  7:27  Phoenix  
  117  7:32  Probe  
  114  7:40  Pylon  
  114  7:41  Pylon  
  114  7:48  Forge  
  114  7:50  Pylon x2  
  114  7:52  Observer (Chrono Boost), Twilight Council  
  115  7:59  Pylon  
  115  8:00  Colossus (Chrono Boost)  
  115  8:06  Forge  
  115  8:12  Observer  
  115  8:21  Phoenix (Chrono Boost)  
  117  8:27  Stalker x4  
  117  8:33  Charge, Gateway  
  123  8:35  Gateway, Observer  
  123  8:38  Pylon  
  123  8:39  Warp Prism  
  123  8:40  Protoss Ground Weapons Level 1 (Chrono Boost)  
  123  8:42  Protoss Ground Armor Level 1 (Chrono Boost)  
  123  8:43  Phoenix (Chrono Boost)  
  123  8:46  Observer  
  125  8:50  Adept x3  
  125  8:51  Adept  
  125  8:53  Pylon  
  135  8:59  Phoenix (Chrono Boost)  
  136  9:12  Observer  
  136  9:13  Observer  
  136  9:14  Zealot  
  136  9:15  Zealot x3  
  145  9:18  Observer  
  145  9:22  Phoenix  
  145  9:23  Gateway  
  147  9:25  Gateway  
  147  9:26  Templar Archives  
  147  9:36  Zealot x4  
  155  9:44  Colossus x2  
  161  9:47  Phoenix  
  163  9:56  Nexus  
  163  10:05  Observer  
  163  10:07  High Templar x4  
  163  10:08  Zealot  
  163  10:11  Gateway  
  173  10:14  Pylon  
  173  10:15  Archon  
  173  10:16  Pylon, Archon  
  173  10:18  Gateway  
  171  10:34  High Templar x2, Zealot x2  
  179  10:37  Archon, Protoss Ground Weapons Level 2 (Chrono Boost)  
  179  10:43  Zealot x2  
  179  10:44  Zealot x2  
  179  10:46  Protoss Ground Armor Level 2 (Chrono Boost)  
  186  10:50  Observer (Chrono Boost)  
  187  10:59  Zealot  
  155  11:13  Zealot x8  
  155  11:14  Zealot  
  167  11:20  Observer  
  167  11:25  Zealot  
  137  11:31  Colossus (Chrono Boost)  
  119  11:33  Phoenix (Chrono Boost)  
  127  11:42  High Templar x4  
  127  11:43  Zealot x3  
  127  11:46  Archon  
  127  11:47  Archon  
  140  11:55  Zealot x3  
  146  12:05  Zealot x3  
  152  12:14  Colossus (Chrono Boost)  
  158  12:21  High Templar x2  
  158  12:22  Zealot x5  
  172  12:25  Archon  
  172  12:28  Zealot x2  
  176  12:30  Blink  
  176  12:38  Phoenix (Chrono Boost)  
  177  12:48  High Templar x2, Zealot x3  
  177  12:49  Zealot x3  
  193  12:52  Archon  
  193  12:55  Pylon  
  193  13:00  Phoenix (Chrono Boost)  
  193  13:03  Zealot x2  
  185  13:13  Zealot x3, Stalker x2  
  185  13:14  Stalker  
  183  13:26  Zealot x3  
  133  13:41  Zealot x7  
  115  13:59  Zealot x3  
  113  14:15  High Templar x2, Zealot  
  113  14:16  Zealot x4  
  125  14:19  Archon  
Tags
 
Add a new tag
Caveats
  • Supply blocks, unpowered buildings, or Contaminate may cause inaccurate times.
  • Supply counts are checked every 10 seconds.